 Dungeon Crawl Stone Soup version 0.25-a0-733-gf7d8cd8a05 (webtiles) character file.

Game seed: 7925949405005982950, levelgen mode: deterministic

108 kae the Insei (level 4, -1/35 HPs)
             Began as a Draconian Transmuter on Apr 9, 2020.
             Slain by a gnoll
             ... wielding a +0 flail
              (11 damage)
             ... on level 2 of the Dungeon.
             The game lasted 00:01:41 (1511 turns).

kae the Insei (Draconian Transmuter)                Turns: 1511, Time: 00:01:42

Health: -1/35      AC:  5    Str: 12    XL:     4   Next: 58%
Magic:  7/8        EV: 12    Int: 13    God:
Gold:   94         SH:  0    Dex: 13    Spells: 2/8 levels left

rFire    . . .     SeeInvis .   b - +0 hand axe
rCold    . . .     Gourm    .   (no shield)
rNeg     . . .     Faith    .   (armour unavailable)
rPois    .         Spirit   .   (helmet restricted)
rElec    .         Reflect  .   (no cloak)
rCorr    .         Harm     .   (no gloves)
MR       .....                  (no boots)
Stlth    +.........             (no amulet)
HPRegen  0.11/turn              (no ring)
MPRegen  0.11/turn              (no ring)

@: very slightly contaminated
A: unfitting armour, cold-blooded, AC +5
a: no special abilities


You were on level 2 of the Dungeon.
You were not hungry.

You visited 1 branch of the dungeon, and saw 2 of its levels.

You collected 94 gold pieces.

Inventory:

Hand Weapons
 b - a +0 hand axe (weapon)
Missiles
 a - 20 arrows
Jewellery
 e - an uncursed ring of see invisible {unknown}
Comestibles
 c - 2 rations
 d - 2 chunks of flesh


   Skills:
 - Level 1.1 Fighting
 - Level 1.7 Dodging
 * Level 4.3 Unarmed Combat
 + Level 2.8 Spellcasting
 + Level 2.9 Transmutations


You had 2 spell levels left.
You knew the following spells:

 Your Spells              Type           Power        Failure   Level  Hunger
a - Beastly Appendage     Tmut           #.....       7%          1    #......
b - Sticks to Snakes      Tmut           #.......     11%         2    ###....
c - Spider Form           Tmut/Pois      #.........   36%         3    ###....

Your spell library contained the following spells:

 Spells                   Type           Power        Failure   Level  Hunger
 Ice Form                 Ice/Tmut       #.......     77%         4    #####..
 Blade Hands              Tmut           #.........   89%         5    ######.


Dungeon Overview and Level Annotations

Branches:
Dungeon (2/15)

Altars:
The Shining One

Annotations:
D:2 Terence


Innate Abilities, Weirdness & Mutations

Your plain brown scales are hard. (AC +5)
You cannot fit into any form of body armour.
You are cold-blooded and may be slowed by cold attacks.


Message History

The bat closely misses you. x2
The bat hits you.
* * * LOW HITPOINT WARNING * * *
A gnoll comes into view. It is wielding a +0 whip.
The bat hits you but does no damage.
A frilled lizard and a gnoll come into view.
The frilled lizard hisses angrily.
The bat closely misses you. The bat hits you but does no damage.
You aren't carrying any potions.
Unknown command.
You aren't carrying any scrolls.
The gnoll shouts!
The bat closely misses you.
You hit the gnoll.
The gnoll is lightly wounded.
You barely miss the bat. You barely miss the gnoll.
The bat hits you but does no damage. The bat hits you.
* * * LOW HITPOINT WARNING * * *
The gnoll hits you with a +0 flail!
You die...

## .# ....# #.#.#
#l#'##### #.......#
#.......# #..g....#
#b@g....# ########
#.#....... #.......
#.######## #.......
#@# #....... #.#
#.......
#.##########.......
#..........#.......
#..........#####...
#..........# #.<)


You could see Terence, 2 gnolls, a bat and a frilled lizard.

Vanquished Creatures
  Jessica (D:2)
  A gnoll (D:2)
  3 adders (D:2)
  A worm (D:2)
  A dart slug (D:1)
  A leopard gecko (D:1)
  6 hobgoblins
  6 jackals (D:1)
  6 bats
  3 frilled lizards
  4 goblins
  A kobold (D:1)
  4 rats
38 creatures vanquished.

Vanquished Creatures (collateral kills)
  A worm (D:2)
  A leopard gecko (D:1)
  A jackal (D:1)
  A kobold (D:1)
  A rat (D:1)
5 creatures vanquished.

Grand Total: 43 creatures vanquished

Notes
Turn   | Place    | Note
-------+----------+-------------------------------------------
     0 | D:1      | kae the Draconian Transmuter began the quest for the Orb.
     0 | D:1      | Reached XP level 1. HP: 16/16 MP: 3/3
    79 | D:1      | Reached XP level 2. HP: 9/23 MP: 3/5
    89 | D:1      | Learned a level 2 spell: Sticks to Snakes
   540 | D:1      | Reached XP level 3. HP: 25/28 MP: 6/6
   545 | D:1      | Learned a level 3 spell: Spider Form
  1030 | D:2      | Noticed Jessica
  1047 | D:2      | Killed Jessica
  1047 | D:2      | Reached skill level 4 in Unarmed Combat
  1059 | D:2      | Reached XP level 4. HP: 20/35 MP: 1/7
  1187 | D:2      | Found a glowing golden altar of the Shining One.
  1487 | D:2      | Noticed Terence
  1511 | D:2      | Slain by a gnoll

Levels and vault maps discovered:
D:1:      evilmike_arrival_plus, layout_rooms
D:2:      layout_basic, nicolae_overflow_hidden_temple, minmay_puff,
          uniq_jessica, uniq_terence

Skill      XL: |  1  2  3 |
---------------+----------+-----
Unarmed Combat | 4 |  4.3
Fighting       | |  1.1
Dodging        | |  1.7
Spellcasting   | |  2.8
Transmutations | |  2.9

Action                   |  1- 3 |  4- 6 || total
-------------------------+-------+-------++-------
Melee: Unarmed           |    92 |     8 ||   100
       Tailslap          |     7 |     3 ||    10
       Headbutt          |     5 |     1 ||     6
       Hand axe          |    13 |    27 ||    40
       Kick              |     2 |     1 ||     3
       Punch             |     1 |       ||     1
 Cast: Beastly Appendage |    13 |     4 ||    17
       Sticks to Snakes  |     6 |       ||     6
       Spider Form       |       |     2 ||     2
  Use: Scroll            |     1 |       ||     1
  Eat: Chunk             |     1 |     2 ||     3
Armor: Skin              |    44 |    18 ||    62
Dodge: Dodged            |    72 |    33 ||   105

Table legend:
 A = Non-vault XP
 B = Vault XP
 C = Vault XP percentage of total XP
 D = Non-vault monster count
 E = Vault monster count
 F = Vault count percentage of total count
                 A         B        C        D         E       F
            +---------+---------+-------+---------+---------+-------
      Total |     120 |      35 |  22.6 |      42 |       1 |   2.3
            +---------+---------+-------+---------+---------+-------
        D:1 |      47 |       0 |   0.0 |      27 |       0 |   0.0
        D:2 |      73 |      35 |  32.4 |      15 |       1 |   6.2
            +---------+---------+-------+---------+---------+-------
